 Dungeon Crawl Stone Soup version 0.28.0-53-g5a82cb258f (webtiles) character file.

Game seed: 13225909803605363268

10371 Duralumin the Zephyrmancer (level 11, -18/54 HPs)
             Began as a Tengu Air Elementalist on July 25, 2022.
             Was an Initiate of Gozag.
             Demolished by a boulder beetle (49 damage)
             ... on level 9 of the Dungeon on July 30, 2022.
             The game lasted 01:21:30 (13897 turns).

Duralumin the Zephyrmancer (TeAE)                  Turns: 13897, Time: 01:21:30

Health: -18/54     AC:  8    Str:  9    XL:     11   Next: 61%
Magic:  10/25      EV: 18    Int: 19    God:    Gozag
Gold:   1036       SH:  0    Dex: 21    Spells: 7/28 levels left

rFire   . . .      SeeInvis +   G - staff of air
rCold   + . .      Faith    .   (no shield)
rNeg    . . .      Spirit   .   l - +2 robe {rC+}
rPois   .          Reflect  .   (helmet restricted)
rElec   +          Harm     .   B - +2 cloak
rCorr   .          Rampage  .   v - +0 pair of gloves
Will    .....                   (boots unavailable)
Stlth   ++........              (no amulet)
HPRegen 0.18/turn               o - +6 ring of dexterity
MPRegen 0.19/turn               t - ring of see invisible

@: flying quickly and evasively, quick
A: beak, talons 3, nimble flight
a: Renounce Religion, Potion Petition, Call Merchant, Bribe Branch


You were on level 9 of the Dungeon.
You worshipped Gozag.
Gozag was most pleased with you.
You visited 2 branches of the dungeon, and saw 10 of its levels.

You collected 1264 gold pieces.
You spent 145 gold pieces at shops.
You paid 83 gold pieces to Gozag.

Inventory:

Hand Weapons
 q - a +2 whip of electrocution
Missiles
 g - 172 stones
 h - 14 poisoned darts
 F - 6 curare-tipped darts
Armour
 l - a +2 robe of cold resistance (worn)
 v - a +0 pair of gloves (worn)
 B - a +2 cloak (worn)
Magical Staves
 G - a staff of air (weapon)
Jewellery
 o - a +6 ring of dexterity (left hand)
 t - a ring of see invisible (right hand)
 y - a +6 ring of dexterity
Wands
 a - a wand of iceblast (6)
 c - a wand of digging (3)
 D - a wand of polymorph (12)
Scrolls
 i - 3 scrolls of summoning {unknown}
 m - 3 scrolls of immolation {unknown}
 r - 4 scrolls of blinking {unknown}
 x - 2 scrolls of teleportation
 z - a scroll of magic mapping
 A - 3 scrolls of acquirement {unknown}
 C - a scroll of fog {unknown}
Potions
 b - a potion of cancellation {unknown}
 f - a potion of attraction
 k - 5 potions of lignification
 n - 2 potions of mutation {unknown}
 p - 3 potions of curing
 s - a potion of invisibility {unknown}
 w - a potion of might {unknown}
 E - a potion of heal wounds {unknown}
Miscellaneous
 d - a piece from Xom's chessboard (15/15)


   Skills:
 - Level 5.1 Dodging
 - Level 2.0 Stealth
 + Level 9.0 Spellcasting
 + Level 12.4 Conjurations
 - Level 4.8 Summonings
 + Level 3.8 Ice Magic
 + Level 12.9 Air Magic


You had 7 spell levels left.
You knew the following spells:

 Your Spells              Type           Power      Damage    Failure   Level
a - Shock                 Conj/Air       100%       1d9       1%          1
b - Static Discharge      Conj/Air       71%        N/A       1%          2
c - Airstrike             Air            36%        N/A       1%          4
d - Swiftness             Air            72%        N/A       1%          3
e - Summon Lightning Spi  Summ/Air       59%        N/A       2%          4
f - Blink                 Tloc           16%        N/A       12%         2
g - Freezing Cloud        Conj/Ice/Air   31%        6-21      4%          5

Your spell library contained the following spells:

 Spells                   Type           Power      Damage    Failure   Level
 Freeze                   Ice            92%        1d10      1%          1
 Poisonous Vapours        Pois/Air       98%        N/A       1%          2
 Mephitic Cloud           Conj/Pois/Air  57%        N/A       1%          3
 Beastly Appendage        Tmut           16%        N/A       9%          1
 Wereblood                Tmut           8%         N/A       12%         2
 Ignite Poison            Fire/Tmut/Pois 8%         N/A       24%         3
 Inner Flame              Hex/Fire       8%         N/A       24%         3
 Spider Form              Tmut/Pois      8%         N/A       24%         3
 Tukima's Dance           Hex            8%         N/A       24%         3
 Cause Fear               Hex            4%         N/A       63%         4
 Passage of Golubria      Tloc           8%         N/A       63%         4
 Summon Forest            Summ/Tloc      8%         N/A       63%         5
 Summon Mana Viper        Hex/Summ       17%        N/A       63%         5
 Summon Cactus Giant      Summ           13%        N/A       86%         6
 Alistair's Intoxication  Tmut/Pois      5%         N/A       92%         5
 Blade Hands              Tmut           4%         N/A       92%         5
 Borgnjor's Vile Clutch   Necr/Erth      4%         N/A       92%         5
 Manifold Assault         Tloc           8%         N/A       92%         5
 Yara's Violent Unravell  Hex/Tmut       4%         3d4       92%         5
 Simulacrum               Ice/Necr       7%         N/A       99%         6
 Storm Form               Tmut/Air       24%        N/A       99%         7
 Eringya's Noxious Bog    Tmut/Pois      4%         N/A       100%        6
 Discord                  Hex            4%         N/A       100%        8
 Dragon's Call            Summ           13%        N/A       100%        9


Dungeon Overview and Level Annotations

Branches:
Dungeon (9/15)             Temple (1/1) D:6             Orc (0/2) D:9
   Lair: D:8-11

Altars:
Ashenzari
Dithmenos
Fedhas
Gozag
Hepliaklqana
Makhleb
Nemelex Xobeh
Okawaru
Sif Muna
Trog
Uskayaw
Vehumet
Wu Jian
Xom
Yredelemnul
Zin

Shops:
D:6 ?

Annotations:
D:5 3 runed translucent doors, crawlogic's ghost, novice DDFi
D:6 3 runed translucent doors, toph's ghost, novice MfIE


Innate Abilities, Weirdness & Mutations

You have a beak for a mouth.
You have claws for feet.
Your magical nature lets you fly swiftly and evasively.


Message History

The zap hits the boulder beetle but does no damage.
The boulder beetle curls into a ball and begins rolling!
Casting: Shock (safe; 1% risk of failure)
Confirm with . or Enter, or press ? or * to list all spells.
Aiming: Shock (safe; 1% risk of failure)
Press: ? - help, Shift-Dir - straight line, f/p - boulder beetle
Aim: a boulder beetle (freezing vapour, rolling, ally target, 100% to hit)
You feel a surge of power!
The zap hits the boulder beetle but does no damage.
The boulder beetle is engulfed in freezing vapours.
Casting: Shock (safe; 1% risk of failure)
Confirm with . or Enter, or press ? or * to list all spells.
Aiming: Shock (safe; 1% risk of failure)
Press: ? - help, Shift-Dir - straight line, f/p - boulder beetle
Aim: a boulder beetle (freezing vapour, rolling, ally target, 100% to hit)
You feel a surge of power!
The zap hits the boulder beetle but does no damage.
The boulder beetle is engulfed in freezing vapours.
The boulder beetle barely misses you.
The boulder beetle stops rolling and uncurls.
Casting: Shock (safe; 1% risk of failure)
Confirm with . or Enter, or press ? or * to list all spells.
Aiming: Freezing Cloud (dangerous; 4% risk of failure)
Press: ? - help, Dir - move target, p - boulder beetle You feel a surge of power!
Really fire in your lightning spire's direction?
That beam is likely to hit you.
Continue anyway?
You are engulfed in freezing vapours.
You resist.
Your lightning spire is engulfed in freezing vapours.
The boulder beetle bites you!
Your lightning spire is engulfed in freezing vapours.
Your lightning spire shoots out a bolt of lightning at the boulder beetle!
The bolt of electricity hits the boulder beetle.
The boulder beetle is engulfed in freezing vapours.
The boulder beetle curls into a ball and begins rolling!
The boulder beetle is engulfed in freezing vapours.
The boulder beetle hits you!!!
Ouch! That really hurt!
You die...
Your body crumbles into a pile of gold.

..#'##.# #........#####.#######
.......# #........ #.# # ....)..#
#........ #.# # .......#
#...B.... #.## # ..#.##.#
#§○...... #..# # ..#.##.#####§###
########..# #
..#.##.##..8.§§###.........# #
###.##.##.##.#B##..###.###..# #
###.#.... ...#○#@.##..#..## ## #
....#..##.#..#.B.##..#.#..## .# #
.##.#..## #..#..##..##.##..##.# #
.##.#..# #..#..#..##...##..#.# #
.##.#..# #..#..#(##..[).##.#.# #
.##.#..##.#..#...#....#....#..# #
.##'#.... #..#..#.##.[.).##.#.# #
.......####..#..#.)##...##..#.###
..........)..)..##..##.##..####.#


You could see a boulder beetle (rolling).

Vanquished Creatures
  2 two-headed ogres (D:9)
  Pikel (D:4)
  An ugly thing (D:8)
  An oklob plant (D:8)
  3 cyclopes (D:9)
  A troll (D:9)
  2 hornets (D:9)
  Grinder (D:3)
  Prince Ribbit (D:6)
  A vampire (D:9)
  3 wyverns (D:9)
  3 yaks
  Menkaure (D:7)
  2 water moccasins
  Duvessa (D:6)
  An orc warrior (D:9)
  2 sky beasts
  An ice beast (D:5)
  A black bear (D:5)
  An ogre (D:5)
  6 centaurs
  2 phantoms
  2 kobold brigands
  4 bullfrogs
  2 gnoll sergeants
  3 scorpions
  2 water moccasin skeletons
  6 killer bees
  An oklob sapling (D:8)
  2 wights (D:8)
  2 howler monkeys (D:9)
  2 centaur zombies
  3 bullfrog zombies
  3 hounds
  2 centaur skeletons
  2 orc priests (D:9)
  Crazy Yiuf (D:2)
  2 jellies
  A bullfrog skeleton (D:6)
  2 iguanas
  Natasha (twice) (D:3)
  6 orc wizards
  A killer bee zombie (D:7)
  A centaur simulacrum (D:9)
  A howler monkey zombie (D:6)
  9 gnolls
  12 adders
  A howler monkey skeleton (D:5)
  A shadow imp (D:8)
  An ufetubus (D:6)
  An adder skeleton (D:5)
  An adder zombie (D:5)
  A dart slug (D:5)
  A worm (D:4)
  8 orcs
  15 ball pythons
  9 endoplasms
  3 giant cockroaches
  5 goblins
  7 hobgoblins
  13 jackals
  5 quokkas
  5 bats
  A frilled lizard (D:1)
  16 kobolds
  7 rats
213 creatures vanquished.

Vanquished Creatures (collateral kills)
  4 orc warriors
  An ice beast (D:6)
  Blork the orc (D:6)
  A bullfrog (D:9)
  Dowan (D:6)
  2 killer bees (D:7)
  2 wights (D:8)
  A bullfrog zombie (D:7)
  An orc wizard (D:9)
  A killer bee zombie (D:6)
  An adder (D:6)
  3 gnolls
  An ufetubus (D:6)
  2 orcs
22 creatures vanquished.

Vanquished Creatures (others)
  A butterfly (D:9)
  5 plants
6 creatures vanquished.

Grand Total: 241 creatures vanquished

Notes
Turn   | Place    | Note
-------+----------+-------------------------------------------
     0 | D:1      | Duralumin the Tengu Air Elementalist began the quest for
                  | the Orb.
     0 | D:1      | Reached XP level 1. HP: 10/10 MP: 4/4
   101 | D:1      | Reached XP level 2. HP: 15/15 MP: 0/6
   104 | D:1      | Learned a level 2 spell: Static Discharge
   717 | D:1      | Reached XP level 3. HP: 19/19 MP: 1/7
  1657 | D:2      | Got Winyar's Almanac of Frigorific Companions
  2222 | D:2      | Reached skill level 5 in Air Magic
  2222 | D:2      | Reached XP level 4. HP: 24/24 MP: 4/9
  2302 | D:2      | Found a runed translucent door.
  2303 | D:2      | Noticed Crazy Yiuf
  2324 | D:2      | Killed Crazy Yiuf
  2696 | D:2      | Found a faded altar of an unknown god.
  2936 | D:3      | Noticed Natasha
  2941 | D:3      | Killed Natasha
  2942 | D:3      | Gained mutation: Your magical nature lets you fly swiftly
                  | and evasively. [Tengu growth]
  2942 | D:3      | Reached XP level 5. HP: 25/28 MP: 4/10
  3155 | D:3      | Noticed Natasha
  3169 | D:3      | Killed Natasha
  3580 | D:3      | Found a glowing silver altar of Zin.
  3612 | D:3      | Noticed Grinder
  3620 | D:3      | Killed Grinder
  3621 | D:3      | Reached skill level 5 in Conjurations
  3621 | D:3      | Reached XP level 6. HP: 6/32 MP: 2/12
  4367 | D:4      | Learned a level 4 spell: Airstrike
  4371 | D:4      | Learned a level 3 spell: Swiftness
  4413 | D:4      | Found a blossoming altar of Fedhas.
  4420 | D:4      | Found a hazy altar of Hepliaklqana.
  4420 | D:4      | Found a broken altar of Ashenzari.
  4421 | D:4      | Noticed Pikel
  4447 | D:4      | Killed Pikel
  4448 | D:4      | Reached XP level 7. HP: 30/36 MP: 0/15
  4448 | D:4      | Reached XP level 8. HP: 35/41 MP: 0/16
  4854 | D:5      | Entered Level 5 of the Dungeon
  4863 | D:5      | Reached skill level 5 in Spellcasting
  5082 | D:5      | Found a runed translucent gate.
  5083 | D:5      | Found a runed translucent gate.
  5084 | D:5      | Found a runed translucent gate.
  5086 | D:5      | Noticed crawlogic's ghost (novice DDFi)
  5994 | D:5      | Reached XP level 9. HP: 36/45 MP: 7/19
  6361 | D:5      | Learned a level 4 spell: Summon Lightning Spire
  6362 | D:6      | Noticed Duvessa
  6364 | D:6      | Noticed Dowan
  6369 | D:6      | Killed Duvessa
  6369 | D:6      | Killed Dowan
  6474 | D:6      | Noticed Prince Ribbit
  6623 | D:6      | Noticed Blork the orc
  6630 | D:6      | Reached skill level 1 in Summonings
  6631 | D:6      | Killed Blork the orc
  6886 | D:6      | Found a shadowy altar of Dithmenos.
  6978 | D:6      | Found a staircase to the Ecumenical Temple.
  6986 | Temple   | Entered the Ecumenical Temple
  7050 | Temple   | Became a worshipper of Gozag Ym Sagoz the Greedy
  7237 | D:6      | Found Okheoll's Magic Scroll Emporium.
  7245 | D:6      | Bought 2 scrolls of teleportation for 60 gold pieces
  7245 | D:6      | Bought a scroll of identify for 20 gold pieces
  7245 | D:6      | Bought a scroll of identify for 20 gold pieces
  7245 | D:6      | Bought a scroll of noise for 10 gold pieces
  7245 | D:6      | Bought a scroll of magic mapping for 35 gold pieces
  7336 | D:6      | Killed Prince Ribbit
  7337 | D:6      | Reached skill level 10 in Air Magic
  7428 | D:6      | Found a runed translucent gate.
  7428 | D:6      | Found a runed translucent gate.
  7428 | D:6      | Found a runed translucent gate.
  7429 | D:6      | Noticed toph's ghost (novice MfIE)
  7584 | D:7      | Reached skill level 5 in Dodging
  7797 | D:7      | Noticed Menkaure
  7802 | D:7      | Killed Menkaure
  7920 | D:7      | Reached XP level 10. HP: 44/50 MP: 15/21
  8641 | D:8      | Reached skill level 10 in Conjurations
  8660 | D:8      | Learned a level 2 spell: Blink
  8810 | D:8      | Found a sparkling altar of Nemelex Xobeh.
  9398 | D:8      | Noticed an oklob plant
  9652 | D:8      | Got the Guide on Unstable Venom
 10830 | D:9      | Noticed a two-headed ogre
 10838 | D:9      | Learned a level 5 spell: Freezing Cloud
 10851 | D:9      | Killed a two-headed ogre
 10853 | D:9      | Noticed a cyclops
 11029 | D:8      | Killed an oklob plant
 11157 | D:9      | Found a staircase to the Orcish Mines.
 11316 | D:9      | Reached skill level 1 in Ice Magic
 11386 | D:9      | Killed a cyclops
 11387 | D:9      | Reached XP level 11. HP: 54/54 MP: 5/24
 11396 | D:9      | Noticed a brown ugly thing
 11403 | D:9      | Noticed a cyclops
 11404 | D:9      | Paralysed by a hornet for 2 turns
 11417 | D:9      | Noticed a cyclops
 11947 | D:9      | Noticed a boulder beetle
 12166 | D:8      | Killed a brown ugly thing
 12840 | D:9      | Killed a cyclops
 13390 | D:9      | Killed a cyclops
 13527 | D:9      | Found a shimmering altar of Xom.
 13534 | D:9      | Noticed a two-headed ogre
 13538 | D:9      | Killed a two-headed ogre
 13897 | D:9      | Demolished by a boulder beetle

Illustrated notes

Levels and vault maps discovered:
D:1:      amcnicky_arrival_feature_with_door, layout_basic
D:2:      layout_basic, shapermc_ecumenical_altar_pompeii,
          roderic_serpentine_path, uniq_crazy_yiuf_cottage
D:3:      layout_basic, zin_scriptorium, uniq_grinder, uniq_natasha
D:4:      layout_basic, grunt_temple_overflow_open, uniq_pikel
D:5:      layout_loops_cross, gammafunk_ghost_split
D:6:      layout_cave_pools, mainiacjoe_overflow_chevrons,
          minmay_temple_entry_overgrown, serial_shops, nicolae_shop_statue_plus,
          gammafunk_ghost_nasty_kobolds, uniq_duvessa, uniq_blork_the_orc,
          uniq_prince_ribbit1
D:7:      layout_rooms, uniq_menkaure
D:8:      layout_loops_ring, mainiacjoe_overflow_brackets, minmay_fountain_box,
          introduction_to_nature_1
D:9:      minmay_the_grid_octo_triangle [minmay_the_grid_octo_thin_diamonds,
          minmay_the_grid_octo_prize_star, minmay_the_grid_octo_checkerflower],
          layout_basic, xom_butterflies, minmay_orc_entry_temple_small,
          hangedman_minor_gate_pass
Temple:   regret_index_temple_generic_petals

Skill      XL: |  1  2  3  4  5  6  7  8  9 10 11 |
---------------+----------------------------------+-----
Conjurations   | 2 3 5 6 8 9 11 12 | 12.4
Air Magic      | 5 6 7 9 10 12 | 12.9
Spellcasting   | 3 4 6 8 9 |  9.0
Dodging        | 3 5 |  5.1
Summonings     | 3 4 |  4.8
Ice Magic      | 1 3 |  3.8
Stealth        | |  2.0

Action                   |  1- 3 |  4- 6 |  7- 9 | 10-12 || total
-------------------------+-------+-------+-------+-------++-------
Melee: Dagger            |     8 |     3 |       |       ||    11
       Kick              |     2 |     1 |       |     8 ||    11
       Unarmed           |     1 |       |       |       ||     1
       Peck              |     1 |     1 |       |     1 ||     3
       Whip              |       |       |     2 |     7 ||     9
       Staff             |       |       |       |     9 ||     9
 Cast: Shock             |    56 |    64 |   136 |   138 ||   394
       Static Discharge  |    10 |    10 |    21 |    24 ||    65
       Airstrike         |       |     2 |     8 |    30 ||    40
       Summon Lightning  |       |       |     7 |    18 ||    25
       Freezing Cloud    |       |       |       |    23 ||    23
  Use: Scroll            |       |       |     3 |     1 ||     4
       Potion            |       |       |       |     4 ||     4
 Stab: Distracted        |       |       |     1 |       ||     1
       Sleeping          |       |       |       |     1 ||     1
Armor: Robe              |    11 |     4 |    11 |    23 ||    49
       Skin              |       |       |       |    17 ||    17
Dodge: Dodged            |    23 |     8 |    63 |    90 ||   184
